 Dungeon Crawl Stone Soup version 0.24-a0-479-g9a978d2894 (webtiles) character file.

Game seed: 410959390851236292

298 Elric the Changer (level 6, 0/29 HPs)
             Began as a Spriggan Transmuter on July 6, 2019.
             Slain by a phantom (7 damage)
             ... on level 3 of the Dungeon.
             The game lasted 00:09:35 (5006 turns).

Elric the Changer (Spriggan Transmuter)             Turns: 5006, Time: 00:09:36

Health: 0/29       AC:  4    Str:  6    XL:     6   Next: 13%
Magic:  10/11      EV: 20    Int: 17    God:
Gold:   170        SH:  0    Dex: 16    Spells: 5/11 levels left

rFire    . . .     SeeInvis +     - Unarmed
rCold    . . .     Gourm    .   (shield restricted)
rNeg     . . .     Faith    .   b - +0 robe
rPois    .         Spirit   .   (helmet restricted)
rElec    .         Reflect  .   g - +1 cloak
rCorr    .         Harm     .   (gloves unavailable)
MR       +....                  (boots unavailable)
Stlth    ++........             (no amulet)
HPRegen  0.09/turn              f - ring of stealth
MPRegen  0.12/turn              (no ring)

@: appendage, very quick
A: very small, unfitting armour, horns 2, see invisible, herbivore, speed 3,
slow metabolism 2
a: End Transformation


You were on level 3 of the Dungeon.
You were not hungry.
You had grown temporary horns.
You visited 1 branch of the dungeon, and saw 4 of its levels.

You collected 170 gold pieces.

Inventory:

Missiles
 a - 10 arrows
Armour
 b - a +0 robe (worn)
 g - a +1 cloak (worn)
 s - +0 pearl dragon scales
Jewellery
 f - a ring of stealth (left hand)
Scrolls
 e - 2 scrolls of immolation {unknown}
 h - a scroll of teleportation {unknown}
 i - a scroll of remove curse {unknown}
 j - 2 scrolls of enchant weapon {unknown}
 k - 2 scrolls of amnesia {unknown}
 l - a scroll of magic mapping {unknown}
 r - 3 scrolls of random uselessness {unknown}
Potions
 c - 2 potions of heal wounds
 m - a potion of lignification {unknown}
 n - a potion of might {unknown}
 o - a potion of brilliance {unknown}
 p - 2 potions of haste {unknown}
 q - a potion of degeneration {unknown}
Comestibles
 d - 5 rations


   Skills:
 - Level 0.7 Fighting
 - Level 5.0 Dodging
 * Level 3.1 Unarmed Combat
 + Level 3.3 Spellcasting
 - Level 6.0 Transmutations
 - Level 2.0 Poison Magic


You had 5 spell levels left.
You knew the following spells:

 Your Spells              Type           Power        Failure   Level  Hunger
a - Beastly Appendage     Tmut           ###...       1%          1    None
b - Sticks to Snakes      Tmut           ###.....     2%          2    ##.....
c - Spider Form           Tmut/Pois      ###.......   10%         3    ###....

Your spell library contained the following spells:

 Spells                   Type           Power        Failure   Level  Hunger
 Blade Hands              Tmut           ###.......   36%         5    ######.
 Ice Form                 Ice/Tmut       ##......     45%         4    ####...


Dungeon Overview and Level Annotations

Branches:
Dungeon (4/15)
 Temple: D:4-7

Altars:
Kikubaaqudgha


Innate Abilities, Weirdness & Mutations

You are very small and have problems with some larger weapons.
You are too small for most types of armour.
You have supernaturally acute eyesight. (SInv)
You are a herbivore.
You cover ground extremely quickly.
You need to consume almost no food.
You have a pair of horns on your head.


Message History

Casting: Beastly Appendage (safe; 1% risk of failure)
Confirm with . or Enter, or press ? or * to list all spells.
You grow a pair of large bovine horns.
The phantom misses you. The phantom hits you.
You hit the phantom. You headbutt the phantom.
The phantom is heavily damaged.
The phantom hits you.
* * * LOW HITPOINT WARNING * * *
The phantom blinks!
You closely miss the phantom. Your headbutt misses the phantom.
The phantom is heavily damaged.
The phantom hits you but does no damage.
You hit the phantom.
You headbutt the phantom, but do no damage.
The phantom is heavily damaged.
The phantom misses you.
You hit the phantom. You headbutt the phantom.
The phantom is severely damaged.
The phantom hits you!
You die...

........# ........#
........# ....##..######
....#........#
....#........#
.####........#
.####.†......##########
....'..........>@W....#
.####.........#######.#
...######.###.###.###.#
......................#
...........##..##.###.####
...........##..##.# #.##.#
...............##.# #.##.#
..#####.##.##..##.###.##.#
....................#.##.#


You could see a phantom.

Vanquished Creatures
  Blork the orc (D:4)
  A vampire bat (D:2)
  3 worker ants
  Robin (D:3)
  3 adders (D:3)
  A dart slug (D:1)
  A worm (D:2)
  A leopard gecko (D:2)
  An orc (D:4)
  6 bats
  4 bat skeletons (D:2)
  2 bat zombies (D:2)
  2 giant cockroaches
  13 hobgoblins
  4 jackals
  A kobold (D:3)
  4 quokkas
  A ball python (D:3)
  3 frilled lizards
  A giant cockroach zombie (D:3)
  11 goblins
  7 rats
72 creatures vanquished.

Vanquished Creatures (collateral kills)
  An ooze (D:1)
  A goblin (D:1)
  A bat (D:1)
3 creatures vanquished.

Grand Total: 75 creatures vanquished

Notes
Turn   | Place    | Note
-------+----------+-------------------------------------------
     0 | D:1      | Elric the Spriggan Transmuter began the quest for the Orb.
     0 | D:1      | Reached XP level 1. HP: 9/9 MP: 5/5
   263 | D:1      | Reached skill level 3 in Transmutations
   462 | D:1      | Reached XP level 2. HP: 14/14 MP: 4/6
   466 | D:1      | Learned a level 2 spell: Sticks to Snakes
  1282 | D:2      | Found an ancient bone altar of Kikubaaqudgha.
  1282 | D:2      | Noticed a vampire bat
  1290 | D:2      | Killed a vampire bat
  1290 | D:2      | Reached skill level 4 in Transmutations
  1290 | D:2      | Reached XP level 3. HP: 17/17 MP: 6/8
  1290 | D:2      | Reached XP level 4. HP: 21/21 MP: 6/9
  1694 | D:2      | Learned a level 3 spell: Spider Form
  1863 | D:2      | Reached skill level 5 in Dodging
  2520 | D:3      | Reached skill level 1 in Poison Magic
  2525 | D:3      | Reached skill level 5 in Transmutations
  2859 | D:3      | Reached XP level 5. HP: 17/25 MP: 6/10
  3955 | D:4      | Noticed Robin
  4140 | D:3      | Killed Robin
  4350 | D:4      | Noticed Blork the orc
  4354 | D:4      | Noticed a phantom
  4367 | D:4      | Reached skill level 6 in Transmutations
  4384 | D:4      | Killed Blork the orc
  4384 | D:4      | Reached XP level 6. HP: 16/29 MP: 7/11
  5006 | D:3      | Slain by a phantom

Levels and vault maps discovered:
D:1:      lightli_arrival_lavapool, layout_loops_ring
D:2:      layout_basic, kennysheep_vampire_church, chequers_big_river
D:3:      layout_basic, kennysheep_generic_room_15
D:4:      layout_rooms, uniq_blork_the_orc, uniq_robin, uniq_eustachio

Skill      XL: |  1  2  3  4  5 |
---------------+----------------+-----
Transmutations | 3 4 5 6 |  6.0
Dodging        | 4 5 |  5.0
Poison Magic   | 1 2 |  2.0
Unarmed Combat | 3 |  3.1
Spellcasting   | 3 |  3.3
Fighting       | |  0.7

Action                   |  1- 3 |  4- 6 || total
-------------------------+-------+-------++-------
Melee: Unarmed           |    69 |   276 ||   345
       Headbutt          |     8 |    18 ||    26
       Kick              |     4 |    18 ||    22
       Punch             |     1 |     1 ||     2
 Cast: Beastly Appendage |    17 |    30 ||    47
       Sticks to Snakes  |     2 |       ||     2
       Spider Form       |       |    10 ||    10
  Use: Potion            |       |     1 ||     1
 Stab: Sleeping          |     3 |     3 ||     6
  Eat: Ration            |       |     2 ||     2
Armor: Robe              |    10 |    27 ||    37
       Skin              |       |     5 ||     5
Dodge: Dodged            |    72 |   271 ||   343

Table legend:
 A = Non-vault XP
 B = Vault XP
 C = Vault XP percentage of total XP
 D = Non-vault monster count
 E = Vault monster count
 F = Vault count percentage of total count
                 A         B        C        D         E       F
            +---------+---------+-------+---------+---------+-------
      Total |     236 |     191 |  44.7 |      58 |      17 |  22.7
            +---------+---------+-------+---------+---------+-------
        D:1 |      28 |       0 |   0.0 |      16 |       0 |   0.0
        D:2 |      22 |      69 |  75.8 |      12 |       7 |  36.8
        D:3 |     143 |      17 |  10.6 |      25 |       2 |   7.4
        D:4 |      43 |     105 |  70.9 |       5 |       8 |  61.5
            +---------+---------+-------+---------+---------+-------
